 Dungeon Crawl Stone Soup version 0.28-a0-1074-g3cb2360906 (webtiles) character file.

Game seed: 11412945718092963825

7 Peloso the Shield-Bearer (level 1, -1/20 HPs)
             Began as a Minotaur Fighter on Dec 9, 2021.
             Succumbed to a kobold's poison
             ... on level 1 of the Dungeon.
             The game lasted 00:00:12 (71 turns).

Peloso the Shield-Bearer (Minotaur Fighter)           Turns: 71, Time: 00:00:12

Health: -1/20      AC:  7    Str: 20    XL:     1   Next: 83%
Magic:  0/0        EV:  9    Int:  5    God:
Gold:   0          SH:  4    Dex:  9    Spells: 0/0 levels left

rFire   . . .      SeeInvis .   a - +0 long sword
rCold   . . .      Faith    .   c - +0 buckler
rNeg    . . .      Spirit   .   b - +0 scale mail
rPois   .          Reflect  .   (helmet restricted)
rElec   .          Harm     .   (no cloak)
rCorr   .          Rampage  .   (no gloves)
Will    .....                   (no boots)
Stlth   ..........              (no amulet)
HPRegen 0.06/turn               (no ring)
MPRegen 0.07/turn               (no ring)

@: lethally poisoned (-1 -> -8)
A: horns 2, retaliatory headbutt
a: no special abilities


You were on level 1 of the Dungeon.
You visited 1 branch of the dungeon, and saw 1 of its levels.

Inventory:

Hand Weapons
 a - a +0 long sword (weapon)
Armour
 b - a +0 scale mail (worn)
 c - a +0 buckler (worn)
Potions
 d - a potion of might


   Skills:
 + Level 3.8 Fighting
 + Level 2.5 Long Blades
 + Level 3.8 Armour
 + Level 3.8 Shields


You couldn't memorise any spells.
You didn't know any spells.
Your spell library was empty.

Dungeon Overview and Level Annotations

Branches:
Dungeon (1/15)

Altars:


Innate Abilities, Weirdness & Mutations

You have a pair of horns on your head.
You reflexively headbutt those who attack you in melee.


Message History

There is an open door, spattered with blood here.
You hit the hobgoblin but do no damage. You headbutt the hobgoblin.
The hobgoblin is almost dead.
The hobgoblin hits you but does no damage.
An endoplasm comes into view.
The endoplasm quivers.
You hit the hobgoblin.
You kill the hobgoblin!
A kobold comes into view. It is wielding a +1 dagger of venom.
A bat comes into view.
The endoplasm hits you.
You hit the endoplasm. You headbutt the endoplasm.
You kill the endoplasm!
The bat closely misses you. The kobold hits you but does no damage.
You are poisoned.
You miss the kobold. Your headbutt misses the kobold.
You feel sick. The bat hits you but does no damage.
A quokka comes into view.
The kobold hits you with a +1 dagger of venom.
You are more poisoned.
The kobold hits you with a +1 dagger of venom.
You are lethally poisoned!
The quokka moves out of view.
You slash the kobold!
You kill the kobold!
You feel very sick. The bat hits you but does no damage.
Unknown command.
* * * LOW HITPOINT WARNING * * *
You feel very sick. The bat hits you but does no damage.
A ball python comes into view.
* * * LOW HITPOINT WARNING * * *
You feel sick.
The ball python hisses angrily.
The bat hits you but does no damage.
* * * LOW HITPOINT WARNING * * *
You feel sick. The bat hits you but does no damage.
An endoplasm comes into view.
You die...

######### #.......#
#[......# ######
#.......# #.....
#.......# #.....
##'###.#### #..... #.#
#....####..... #.#
####'##.......
#@#####.......†#..
#).b.##...)....#..
........#r##........#..
####.#..#..+......#####
#.....#..#......# #
#..#..#..#....(.# .
#........#......# #
#.....#.##......#
#####J#.##.....##


You could see a quokka and a bat.

Vanquished Creatures
  A bat (D:1)
  An endoplasm (D:1)
  2 hobgoblins (D:1)
  2 kobolds (D:1)
6 creatures vanquished.

Notes
Turn   | Place    | Note
-------+----------+-------------------------------------------
     0 | D:1      | Peloso the Minotaur Fighter began the quest for the Orb.
     0 | D:1      | Reached XP level 1. HP: 19/19 MP: 0/0
    70 | D:1      | HP: 1/20 [poisoned by a kobold]
    71 | D:1      | Succumbed to a kobold's poison

Illustrated notes

Levels and vault maps discovered:
D:1:      dpeg_arrival_rooms_a, layout_basic, basic_ecumenical_altar

Action                   || total
-------------------------++-------
Melee: Long sword        ||    11
       Headbutt          ||     2
Armor: Scale mail        ||     9
Dodge: Dodged            ||     1
Block: Buckler           ||     2

Table legend: (Time is in decaauts)
 A = Elapsed time spent in this place.
 B = Non-inter-level travel time spent in this place.
 C = Inter-level travel time spent in this place.
 D = Time resting spent in this place.
 E = Time spent auto-exploring this place.
 F = Levels seen in this place.
 G = Mean time per level.
                   A        B        C        D        E       F      G
               +--------+--------+--------+--------+--------+-----+--------+
         Total |     74 |     74 |      0 |      0 |     44 |   1 |   74.0 |
       Dungeon |     74 |     74 |      0 |      0 |     44 |   1 |   74.0 |
               +--------+--------+--------+--------+--------+-----+--------+

Top non-repeatable levels by time:
     D:1: 74 daAuts
